 Dungeon Crawl Stone Soup version 0.29-a0-330-g52719c12eb (webtiles) character file.

Game seed: 18079515171277025077

52 ImHallYall the Ducker (level 4, 0/33 HPs)
             Began as a Djinni Warper on Apr 12, 2022.
             Was a Believer of Fedhas.
             Slain by a gnoll
             ... wielding a +0 spear
              (6 damage)
             ... on level 2 of the Dungeon.
             The game lasted 00:06:28 (2916 turns).

ImHallYall the Ducker (Djinni Warper)               Turns: 2916, Time: 00:06:29

Health: 0/33       AC:  7    Str: 12    XL:     4   Next: 8%
Gold:   95         EV:  9    Int: 14    God:    Fedhas [**....] SH:  0 Dex: 13

rFire   + + .      SeeInvis .   n - +0 falchion
rCold   x . .      Faith    .   (no shield)
rNeg    . . .      Spirit   .   l - +0 scale mail
rPois   ∞          Reflect  .   (no helmet)
rElec   .          Harm     .   (no cloak)
rCorr   .          Rampage  .   e - +0 pair of gloves
Will    .....                   (boots unavailable)
Stlth   ..........              (no amulet)
HPRegen 0.11/turn               (no ring)
MPRegen 0.00/turn               (no ring)

@: flying
A: sickness immunity, fire resistance 2, cold vulnerability 1, float, innate
caster, HP casting, extra vitality 1
a: Renounce Religion, Wall of Briars


You were on level 2 of the Dungeon.
You worshipped Fedhas.
Fedhas was pleased with you.
You visited 1 branch of the dungeon, and saw 2 of its levels.

You collected 95 gold pieces.

Inventory:

Hand Weapons
 a - a +0 hand axe
 j - a +0 flail
 n - a +0 falchion (weapon)
 p - a +0 dagger of venom
Missiles
 d - 7 boomerangs of dispersal (quivered)
Armour
 b - a +0 leather armour
 e - a +0 pair of gloves (worn)
 i - a +0 ring mail
 l - a +0 scale mail (worn)
Scrolls
 f - a scroll of magic mapping
 h - 4 scrolls of identify {unknown}
 m - a scroll of fear {unknown}
 o - 2 scrolls of enchant weapon {unknown}
 r - a scroll of brand weapon {unknown}
Potions
 g - a potion of flight {unknown}
 k - 2 potions of might {unknown}
 q - a potion of curing {unknown}


   Skills:
 + Level 2.2 Fighting
 + Level 0.2 Short Blades
 + Level 2.1(2.2) Axes
 + Level 0.3(1.3) Maces & Flails
 + Level 0.7 Throwing
 + Level 2.0 Armour
 + Level 2.7 Dodging
 + Level 2.5 Spellcasting


You couldn't memorise any spells.
You knew the following spells:

 Your Spells              Type           Power      Damage    Failure   Level
a - Blink                 Tloc           16%        N/A       54%         2
b - Lesser Beckoning      Tloc           8%         N/A       77%         3
c - Gell's Gravitas       Tloc           8%         N/A       77%         3
d - Teleport Other        Tloc           8%         N/A       77%         3
e - Manifold Assault      Tloc           8%         N/A       100%        5
f - Slow                  Hex            32%        N/A       38%         1
Your spell library was empty.

Dungeon Overview and Level Annotations

Branches:
Dungeon (2/15)

Altars:
Fedhas


Innate Abilities, Weirdness & Mutations

You are immune to sickness and miasma.
You are immune to poison.
Your flesh is very heat resistant. (rF++)
You are vulnerable to cold. (rC-)
You float through the air rather than walking.
You learn spells naturally, not from books.
Your magical power is your life essence.
You have superior vitality. (+4 MHP)


Message History

The hobgoblin is severely wounded.
The hobgoblin closely misses you.
You hit the hobgoblin but do no damage.
The hobgoblin is almost dead.
You kill the hobgoblin!
Fedhas appreciates your contribution to the ecosystem.
Your Armour skill increases to level 2!
Unknown command.
You reach down and open the door.
An endoplasm and 2 gnolls come into view.
A gnoll is wielding a +1 halberd of venom.
The gnoll shouts!
You hear a shout!
A gnoll comes into view. It is wielding a +0 spear.
Found a scroll labelled VOINAW ZAUM.
A gnoll comes into view. It is wielding a +0 halberd.
The gnoll shouts!
There is an open door here.
The gnoll barely misses you.
The gnoll hits you from afar with a +0 spear.
The gnoll hits you with a +1 halberd of venom.
You barely miss the gnoll.
The gnoll hits you from afar with a +0 spear.
The gnoll hits you with a +1 halberd of venom.
Blink to where?
Press: ? - help, Q - select action, (/) - cycle Dir - move target
As you read the scroll of blinking, it crumbles to dust.
You start resting.
A gnoll is nearby!
Your +0 dagger of venom stops dripping with poison.
n - a +0 falchion (weapon)
The gnoll hits you with a +1 halberd of venom!
* * * LOW HITPOINT WARNING * * *
You hit the gnoll.
The gnoll is moderately wounded.
The gnoll closely misses you.
You barely miss the gnoll.
The gnoll is moderately wounded.
The gnoll hits you from afar with a +0 spear.
You die...
Fedhas appreciates your contribution to the ecosystem.

.....# #........#
#...# #........#
##+# #.#...##.#
#...g....# #
####.##### ###.
#.# ..... #.#
#.....#########.#
#.......@ggJ.g..#
....#.###########
. #


You could see 3 gnolls and an endoplasm.

Vanquished Creatures
  A gnoll (D:1)
  A worm (D:2)
  5 ball pythons
  3 bats
  4 endoplasms
  A giant cockroach (D:1)
  2 goblins
  4 hobgoblins
  4 jackals (D:1)
  3 quokkas (D:1)
  2 frilled lizards (D:1)
  4 kobolds
34 creatures vanquished.

Notes
Turn   | Place    | Note
-------+----------+-------------------------------------------
     0 | D:1      | ImHallYall the Djinni Warper began the quest for the Orb.
     0 | D:1      | Reached XP level 1. HP: 18/18 MP: 0/0
    26 | D:1      | Found a faded altar of an unknown god.
   261 | D:1      | Prayed at the altar of an unknown god.
   261 | D:1      | Became a worshipper of Fedhas Madash
   261 | D:1      | Reached * piety under Fedhas
   296 | D:1      | Reached XP level 2. HP: 21/23 MP: 0/0
   397 | D:1      | Reached XP level 3. HP: 6/28 MP: 0/0
   397 | D:1      | Learned a level 1 spell: Slow
  2051 | D:1      | Reached ** piety under Fedhas
  2741 | D:2      | Reached XP level 4. HP: 19/33 MP: 0/0
  2916 | D:2      | Slain by a gnoll

Illustrated notes

Levels and vault maps discovered:
D:1:      onia_arrival_pentagram, layout_basic, serial_aquarium,
          aquarium_bridge_island_small [aquarium_subvault_small_open,
          aquarium_subvault_window, aquarium_subvault_bridge,
          aquarium_subvault_wall, aquarium_subvault_bridge],
          aquarium_bridge_long_separate [aquarium_subvault_bridge,
          aquarium_subvault_wall, aquarium_subvault_bridge,
          aquarium_subvault_balcony, aquarium_subvault_bridge,
          aquarium_subvault_wall], aquarium_window_1, aquarium_window_1,
          aquarium_window_1, aquarium_window_2, aquarium_view_2f,
          aquarium_view_2a, aquarium_balcony_5b,
          hellmonk_ecumenical_altar_pennies_from_heaven, minmay_surrounded
D:2:      layout_loops_corners, kennysheep_generic_room_16

Skill      XL: |  1  2  3  4 |
---------------+-------------+-----
Axes           | 2 |  2.1
Armour         | 2 |  2.0
Fighting       | |  2.2
Short Blades   | |  0.2
Maces & Flails | |  0.3
Throwing       | |  0.7
Dodging        | |  2.7
Spellcasting   | |  2.5

Action                   |  1- 3 |  4- 6 || total
-------------------------+-------+-------++-------
Melee: Hand axe          |    44 |       ||    44
       Dagger            |    30 |     6 ||    36
       Flail             |    16 |       ||    16
       Falchion          |    10 |     2 ||    12
       Punch             |     1 |       ||     1
 Cast: Blink             |     2 |       ||     2
  Use: Scroll            |     1 |     1 ||     2
Armor: Leather armour    |    24 |       ||    24
       Scale mail        |    32 |     1 ||    33
Dodge: Dodged            |    77 |     4 ||    81

Table legend: (Time is in decaauts)
 A = Elapsed time spent in this place.
 B = Non-inter-level travel time spent in this place.
 C = Inter-level travel time spent in this place.
 D = Time resting spent in this place.
 E = Time spent auto-exploring this place.
 F = Levels seen in this place.
 G = Mean time per level.
                   A        B        C        D        E       F      G
               +--------+--------+--------+--------+--------+-----+--------+
         Total |   2932 |   2910 |     22 |    986 |   1259 |   2 | 1466.0 |
       Dungeon |   2932 |   2910 |     22 |    986 |   1259 |   2 | 1466.0 |
               +--------+--------+--------+--------+--------+-----+--------+

Top non-repeatable levels by time:
     D:1: 2407 daAuts
     D:2: 524 daAuts
